AoeStats
← RoR | Vodka_L_2

Arabian Desert

510395256Analyzed
1v1 RM · 1d ago on Sep 30, 2026· 49m 15s· 2 players
Game mode
Random Map
Map size
Tiny (2 player)
Population
200
Speed
Normal
Resources
Standard
Victory
Conquest
Starting age
Dark Age
Ending age
Imperial Age
RankedLock teamsTeams togetherTeam positionsShared explorationLock speedFull tech treeHidden civsTurbo modeCheats
Victory
Defeat
🇹🇷 Vikings · Türkiye
2586
+12
🇮🇹 Saracens · Italy
2508
-12
RoR | Vodka_L_2
7:02 Loom
9:13 Feudal Age
9:51 Double-Bit Axe
18:41 Castle Age
17:21 Fletching
19:18 Bodkin Arrow
19:06 Crossbowman
24:57 Town Watch
35:26 Ballistics
40:21 Wheelbarrow
42:32 Scale Barding Armor
43:08 Horse Collar
47:14 Imperial Age
46:04 Stone Mining
45:42 Elite Skirmisher
46:56 Padded Archer Armor
48:58 Chemistry
48:00 Bracer
48:30 Conscription
49:20 Masonry
49:46 Leather Archer Armor
KASVA
7:57 Loom
11:27 Feudal Age
12:16 Double-Bit Axe
14:39 Fletching
23:29 Castle Age
21:41 Horse Collar
22:42 Stone Mining
22:48 Gold Mining
23:29 Padded Archer Armor
23:43 Elite Skirmisher
24:51 Bodkin Arrow
33:30 Scale Barding Armor
33:45 Leather Archer Armor
36:01 Ballistics
39:20 Town Watch
44:39 Imperial Age
44:17 Scale Mail Armor
44:28 Forging
45:07 Squires
45:24 Chain Mail Armor
45:50 Bracer
47:02 Chemistry
46:36 Bow Saw
46:27 Heavy Plow
47:18 Plate Mail Armor
48:36 Conscription
48:11 Stone Mining
47:46 Crossbowman
49:51 Iron Casting
Connection lost

Rejoining the realm…

Still unreachable

The connection could not be restored.

Session expired

The server has moved on; the page needs a fresh start.